AoeStats
← bloodyknive

Arabia

510633981Analyzed
3v3 RM · 18h ago on Oct 1, 2026· 81m 31s· 6 players
Game mode
Random Map
Map size
Normal (6 player)
Population
200
Speed
Normal
Resources
Standard
Victory
Conquest
Starting age
Dark Age
Ending age
Imperial Age
RankedLock teamsTeams togetherTeam positionsShared explorationLock speedFull tech treeHidden civsTurbo modeCheats
Victory
Defeat
🇦🇷 Byzantines · Argentina
633
+12
🇦🇷 Spanish · Argentina
623
+13
🇦🇷 Portuguese · Argentina
598
+14
🇨🇦 Slavs · Canada
579
-14
🇬🇧 Franks · United Kingdom
570
-14
🇺🇸 Bulgarians · United States
490
-11
DAZACO
12:19 Feudal Age
15:31 Double-Bit Axe
15:29 Horse Collar
19:53 Castle Age
22:05 Squires
21:26 Man-at-Arms
23:54 Long Swordsman
28:35 Scale Mail Armor
30:34 Loom
31:25 Wheelbarrow
30:36 Town Watch
33:58 Hand Cart
35:29 Detinets
35:53 Chain Mail Armor
35:49 Forging
42:14 Imperial Age
41:17 Town Patrol
42:57 Druzhina
43:11 Two-Handed Swordsman
46:43 Iron Casting
46:41 Plate Mail Armor
46:13 Capped Ram
47:42 Iron Casting
47:07 Champion
49:59 Elite Boyar
52:31 Siege Ram
52:41 Pikeman
53:54 Onager
55:44 Siege Onager
58:18 Chemistry
64:34 Halberdier
bookingtenoone
16:12 Feudal Age
16:48 Horse Collar
17:02 Double-Bit Axe
26:35 Fletching
26:46 Padded Archer Armor
31:19 Castle Age
32:09 Stone Mining
32:10 Gold Mining
35:24 Bodkin Arrow
35:45 Leather Archer Armor
37:30 Stone Shaft Mining
37:31 Gold Shaft Mining
41:46 Imperial Age
42:38 Wheelbarrow
41:49 Town Watch
41:50 Loom
42:10 Caravan
42:55 Ballistics
42:26 Guard Tower
42:31 Murder Holes
42:47 Masonry
43:00 Forging
42:50 Scale Mail Armor
42:56 Scale Barding Armor
43:30 Elite Konnik
44:22 Siege Engineers
44:20 Bracer
44:25 Heavy Plow
45:44 Bow Saw
46:08 Crop Rotation
46:26 Hand Cart
46:11 Town Patrol
46:47 Architecture
48:35 Keep
49:01 Chemistry
48:38 Iron Casting
48:19 Chain Mail Armor
48:25 Chain Barding Armor
50:47 Blast Furnace
50:18 Plate Mail Armor
50:12 Conscription
51:34 Plate Barding Armor
51:59 Stirrups
52:55 Bagains
53:23 Heated Shot
ukrc786
2:11 Loom
12:27 Feudal Age
13:28 Double-Bit Axe
23:13 Forging
23:04 Scale Mail Armor
23:06 Padded Archer Armor
22:57 Fletching
26:39 Castle Age
26:16 Stone Mining
26:20 Gold Mining
28:02 Squires
27:22 Pikeman
27:48 Arson
27:27 Elite Skirmisher
28:10 Husbandry
32:09 Fortified Wall
31:56 Murder Holes
32:22 Ballistics
33:24 Gold Shaft Mining
36:29 Bow Saw
36:42 Chain Mail Armor
43:59 Imperial Age
44:13 Ordonnance Companies
47:08 Halberdier
49:57 Chemistry
48:56 Bodkin Arrow
50:05 Chivalry
51:03 Plate Mail Armor
53:04 Coinage
55:07 Elite Throwing Axeman
57:09 Leather Archer Armor
57:29 Iron Casting
59:23 Onager
59:24 Capped Ram
61:05 Wheelbarrow
60:44 Scale Barding Armor
61:40 Blast Furnace
bloodyknive
11:17 Feudal Age
13:26 Wheelbarrow
13:24 Loom
14:20 Wheelbarrow
15:27 Horse Collar
15:34 Double-Bit Axe
23:16 Castle Age
23:59 Caravan
26:56 Hand Cart
32:11 Imperial Age
31:47 Heavy Plow
32:03 Bow Saw
40:07 Chemistry
39:27 Ballistics
40:47 Gold Mining
40:48 Stone Mining
42:09 Two-Man Saw
41:44 Masonry
41:31 Murder Holes
41:57 Bombard Tower
41:48 Fortified Wall
41:29 Guard Tower
41:24 Arrowslits
41:05 Pikeman
41:09 Cavalier
41:49 Husbandry
41:59 Bloodlines
41:10 Light Cavalry
44:52 Paladin
46:39 Elite Conquistador
50:14 Thumb Ring
55:16 Conscription
57:44 Keep
57:40 Architecture
57:20 Scale Barding Armor
57:25 Forging
57:16 Scale Mail Armor
57:07 Fletching
57:17 Padded Archer Armor
70:13 Squires
72:34 Halberdier
73:01 Arson
73:01 Gambesons
72:37 Man-at-Arms
74:02 Iron Casting
73:42 Chain Mail Armor
74:09 Halberdier
76:05 Blast Furnace
75:52 Plate Mail Armor
74:50 Long Swordsman
79:23 Chain Barding Armor
78:59 Bodkin Arrow
79:19 Leather Archer Armor
Fahrmut
12:26 Feudal Age
18:09 Castle Age
16:07 Horse Collar
19:16 Double-Bit Axe
21:36 Wheelbarrow
25:07 Imperial Age
27:36 Forging
27:26 Scale Mail Armor
27:18 Fletching
27:28 Padded Archer Armor
29:57 Stone Mining
30:01 Gold Mining
30:19 Elite Varangian Guard
30:48 Arson
33:08 Squires
33:54 Wheelbarrow
35:00 Gambesons
34:44 Elite Skirmisher
44:07 Guilds
51:14 Heavy Plow
51:26 Bow Saw
51:55 Conscription
51:07 Pikeman
56:04 Iron Casting
55:45 Chain Mail Armor
55:27 Bodkin Arrow
64:10 Elite Cataphract
68:14 Hand Cart
67:45 Loom
74:46 Gold Shaft Mining
76:07 Bracer
76:22 Leather Archer Armor
76:38 Plate Mail Armor
78:12 Logistica
80:40 Caravan
82:02 Stone Shaft Mining
81:42 Scale Barding Armor
82:08 Ring Archer Armor
Fez
12:35 Feudal Age
13:08 Double-Bit Axe
14:03 Wheelbarrow
13:40 Horse Collar
16:49 Gold Mining
17:48 Town Watch
18:03 Stone Mining
18:42 Forging
18:32 Scale Mail Armor
18:37 Scale Barding Armor
19:22 Loom
19:40 Scale Mail Armor
19:45 Scale Barding Armor
20:35 Fletching
22:41 Padded Archer Armor
27:18 Castle Age
28:10 Bow Saw
28:17 Caravan
28:06 Arson
28:07 Gambesons
27:43 Pikeman
28:46 Chain Mail Armor
29:49 Stone Shaft Mining
29:21 Heavy Plow
30:37 Chain Barding Armor
30:52 Iron Casting
31:44 Hand Cart
32:11 Iron Casting
31:52 Leather Archer Armor
33:43 Bodkin Arrow
34:22 Circumnavigation
35:12 Husbandry
35:22 Bloodlines
37:47 Murder Holes
45:45 Imperial Age
48:46 Cavalier
48:59 Elite Organ Gun
50:00 Conscription
49:43 Arquebus
50:48 Blast Furnace
50:19 Plate Mail Armor
50:24 Plate Barding Armor
49:49 Bracer
50:19 Ring Archer Armor
52:54 Two-Man Saw
52:27 Crop Rotation
57:22 Guilds
59:05 Ballistics
58:26 Treadmill Crane
59:01 Fortified Wall
58:42 Guard Tower
71:01 Ring Archer Armor
Connection lost

Rejoining the realm…

Still unreachable

The connection could not be restored.

Session expired

The server has moved on; the page needs a fresh start.